AoeStats
← Hypoli

African Clearing

510332412Analyzed
4v4 RM · 1d ago on Sep 30, 2026· 43m 17s· 8 players
Game mode
Random Map
Map size
Large (8 player)
Population
200
Speed
Normal
Resources
Standard
Victory
Conquest
Starting age
Dark Age
Ending age
Imperial Age
RankedLock teamsTeams togetherTeam positionsShared explorationLock speedFull tech treeHidden civsTurbo modeCheats
Victory
Defeat
🇫🇷 Vietnamese · France
1203
+15
🇨🇳 Franks · China
1169
+16
🇨🇳 Goths · China
1163
+16
🇫🇷 Turks · France
1159
+17
🇨🇱 Mapuche · Chile
1203
-17
🇵🇪 Byzantines · Peru
1186
-17
🇪🇸 Chinese · Spain
1155
-15
🇪🇸 Huns · Spain
1155
-15
会做梦的懒猪
4:40 Loom
16:58 Feudal Age
24:44 Castle Age
23:15 Double-Bit Axe
25:21 Wheelbarrow
37:43 Man-at-Arms
45:57 Imperial Age
Alexiỗs
11:46 Loom
14:13 Feudal Age
15:27 Horse Collar
16:20 Double-Bit Axe
18:44 Castle Age
17:19 Scale Barding Armor
17:57 Forging
20:17 Bow Saw
20:42 Husbandry
21:23 Bloodlines
24:08 Wheelbarrow
23:35 Heavy Plow
24:46 Fletching
28:57 Chain Barding Armor
29:26 Iron Casting
32:53 Hand Cart
32:30 Town Watch
34:57 Ballistics
34:47 Padded Archer Armor
37:35 Bodkin Arrow
37:55 Leather Archer Armor
38:13 Stone Mining
38:13 Gold Mining
38:37 Thumb Ring
39:07 Sipahi
44:18 Imperial Age
Hypoli
5:12 Loom
15:41 Feudal Age
16:22 Double-Bit Axe
17:10 Fletching
17:20 Padded Archer Armor
23:05 Castle Age
23:08 Crossbowman
23:51 Bodkin Arrow
24:12 Leather Archer Armor
37:46 Ballistics
39:00 Forging
39:01 Town Watch
41:55 Horse Collar
鱼鱼
12:28 Feudal Age
12:25 Loom
18:52 Castle Age
18:23 Double-Bit Axe
30:35 Scale Barding Armor
32:22 Husbandry
34:17 Wheelbarrow
35:51 Forging
39:35 Iron Casting
42:34 Imperial Age
40:20 Hand Cart
42:48 Cavalier
NTM.Antkaped
4:23 Loom
13:40 Feudal Age
14:27 Horse Collar
14:35 Double-Bit Axe
24:20 Castle Age
22:27 Padded Archer Armor
24:26 Elite Skirmisher
25:22 Leather Archer Armor
26:19 Fletching
28:05 Husbandry
31:02 Scale Barding Armor
30:54 Bodkin Arrow
33:25 Chain Barding Armor
35:02 Forging
37:28 Gold Mining
38:17 Wheelbarrow
40:22 Ballistics
41:53 Iron Casting
QUEVEDO
14:33 Loom
19:17 Feudal Age
20:52 Double-Bit Axe
24:32 Fletching
31:30 Man-at-Arms
34:38 Padded Archer Armor
34:30 Man-at-Arms
Monolito
10:05 Loom
12:29 Feudal Age
13:54 Double-Bit Axe
19:41 Castle Age
18:16 Stone Mining
20:17 Wheelbarrow
20:26 Horse Collar
25:18 Heavy Plow
26:17 Forging
29:45 Fletching
30:30 Padded Archer Armor
31:11 Bow Saw
32:54 Gold Mining
35:57 Gold Shaft Mining
36:12 Malon
37:48 Bodkin Arrow
40:39 Leather Archer Armor
Clark_Kent__
3:58 Loom
13:50 Feudal Age
14:45 Man-at-Arms
15:30 Double-Bit Axe
20:36 Wheelbarrow
29:00 Castle Age
27:31 Scale Mail Armor
28:13 Forging
29:52 Fletching
30:03 Padded Archer Armor
36:05 Bodkin Arrow
39:21 Scale Barding Armor
Connection lost

Rejoining the realm…

Still unreachable

The connection could not be restored.

Session expired

The server has moved on; the page needs a fresh start.